 Dungeon Crawl Stone Soup version 0.29.0-13-gc9e81de378 (webtiles) character file.

Game seed: 3657655379432810664

140 raistware the Conjurer (level 5, -3/31 HPs)
             Began as an Octopode Conjurer on Sept 9, 2022.
             Constricted to death by Robin (6 damage)
             ... on level 2 of the Dungeon.
             The game lasted 00:04:38 (2930 turns).

raistware the Conjurer (Octopode Conjurer)          Turns: 2930, Time: 00:04:38

Health: -3/31      AC:  1    Str:  6    XL:     5   Next: 23%
Magic:  1/11       EV: 10    Int: 23    God:
Gold:   137        SH:  0    Dex: 10    Spells: 4/12 levels left

rFire   . . .      SeeInvis .   g - +0 dagger
rCold   . . .      Faith    .   (no shield)
rNeg    . . .      Spirit   .   (helmet restricted)
rPois   .          Reflect  .   (no amulet)
rElec   .          Harm     .   (no ring)
rCorr   .          Rampage  .   (no ring)
Will    .....                   (no ring)
Stlth   +++.......              (no ring)
HPRegen 0.10/turn               (no ring)
MPRegen 0.12/turn               (no ring)
                                (no ring)
                                (no ring)

@: grasped by roots, attractive, constricted
A: almost no armour, amphibious, 8 rings, camouflage 1, gelatinous body 1,
(nimble swimmer 1), tentacles
a: no special abilities


You were on level 2 of the Dungeon.
You visited 1 branch of the dungeon, and saw 3 of its levels.

You collected 137 gold pieces.

Inventory:

Hand Weapons
 g - a +0 dagger (weapon)
Missiles
 i - 4 poisoned darts
Scrolls
 d - 3 scrolls of identify {unknown}
 j - a scroll of poison {unknown}
 k - a scroll of magic mapping {unknown}
 m - a scroll of brand weapon {unknown}
 p - a scroll of amnesia {unknown}
 r - a scroll of teleportation {unknown}
Potions
 a - a potion of magic
 b - 2 potions of attraction
 c - 3 potions of mutation {unknown}
 e - a potion of lignification {unknown}
 f - a potion of curing {unknown}
 h - 2 potions of invisibility {unknown}
 l - a potion of brilliance {unknown}
 n - 2 potions of heal wounds {unknown}
 o - a potion of flight {unknown}
 q - a potion of ambrosia {unknown}


   Skills:
 - Level 2.0 Dodging
 - Level 2.6 Stealth
 + Level 4.2 Spellcasting
 + Level 4.2 Conjurations
 * Level 1.8 Translocations


You had 4 spell levels left.
You knew the following spells:

 Your Spells              Type           Power      Damage    Failure   Level
a - Magic Dart            Conj           96%        1d7       1%          1
b - Mephitic Cloud        Conj/Pois/Air  11%        N/A       17%         3
c - Iskenderun's Mystic   Conj/Tloc      18%        2d6       28%         4

Your spell library contained the following spells:

 Spells                   Type           Power      Damage    Failure   Level
 Searing Ray              Conj           48%        2d6       2%          2
 Dazzling Flash           Conj/Hex       28%        N/A       13%         3
 Ignite Poison            Fire/Tmut/Pois 4%         N/A       30%         3
 Fulminant Prism          Conj/Hex       7%         3d7       38%         4
 Freezing Cloud           Conj/Ice/Air   5%         6-21      85%         5


Dungeon Overview and Level Annotations

Branches:
Dungeon (3/15)

Altars:

Annotations:
D:2 Robin


Innate Abilities, Weirdness & Mutations

You cannot wear most types of armour.
You are amphibious.
You can wear up to eight rings at the same time.
Your skin changes colour to match your surroundings (Stealth+).
Your rubbery body absorbs attacks. (AC +1, EV +1)
((You are camouflaged when in or above water. (Stealth+)))
You have tentacles for arms and can constrict up to eight enemies at once.


Message History

Robin is moderately wounded.
You constrict Robin, but do no damage. Robin closely misses you.
Casting: Iskenderun's Mystic Blast (extremely dangerous; 28% risk of failure)
Confirm with . or Enter, or press ? or * to list all spells.
The spell is quite dangerous to miscast (17% risk of failure)!
Continue anyway?
Okay, then.
Casting: Mephitic Cloud (quite dangerous; 17% risk of failure)
Confirm with . or Enter, or press ? or * to list all spells.
The spell is quite dangerous to miscast (17% risk of failure)!
Continue anyway?
Aiming: Mephitic Cloud (quite dangerous; 17% risk of failure)
Press: ? - help, Shift-Dir - straight line, f - Robin
Aim: Robin, wielding a +0 spear, wearing a +0 animal skin, wearing a +0 helmet and carrying a wand of roots (6) (moderately wounded, constricted by you, chance to affect: 91%) That beam is likely to hit you.
Continue anyway?
Okay, then.
Casting: Mephitic Cloud (quite dangerous; 17% risk of failure)
Confirm with . or Enter, or press ? or * to list all spells.
The spell is extremely dangerous to miscast (28% risk of failure)!
Continue anyway?
You erupt in a blast of force!
The mystic blast hits Robin!
Robin is severely wounded.
You lose your grip on Robin.
Robin is knocked back by the mystic blast.
You are too injured to fight recklessly!
Casting: Iskenderun's Mystic Blast (extremely dangerous; 28% risk of failure)
Confirm with . or Enter, or press ? or * to list all spells.
Aiming: Magic Dart (safe; 1% risk of failure)
Press: ? - help, Shift-Dir - straight line, f/p - Robin
Aim: Robin, wielding a +0 spear, wearing a +0 animal skin, wearing a +0 helmet and carrying a wand of roots (6) (severely wounded, 100% to hit)
The magic dart hits Robin.
Robin is almost dead.
Robin zaps a wand.
The roots erupt in riotous growth!
The grasping roots grab you! The grasping roots constrict you.
* * * LOW HITPOINT WARNING * * *
Unknown command.
It was a potion of attraction.
You feel attractive to monsters.
Robin hits you from afar with a +0 spear.
* * * LOW HITPOINT WARNING * * *
The grasping roots constrict you.
You die...

#.########.# #.# #.#
#######.### #.#
#.........# ####.#
'.....<...# #....#
#.........# #....#
#.........# #....########
#.........###...........#
...............<@.......#
#######...###...........#
###.# ####g######## #.#
#.# #.# #.# ###########
#.# #.# #.........# #.#
#.# #.........# #.# #.#
#.........# #.# #.#
#.........#


You could see Robin.

Vanquished Creatures
  Natasha (thrice) (D:2)
  A gnoll (D:1)
  An adder (D:3)
  A worm (D:3)
  A dart slug (D:2)
  2 bats
  4 endoplasms
  A giant cockroach (D:1)
  11 goblins
  6 hobgoblins
  3 kobolds
  A quokka (D:1)
  2 ball pythons
  A frilled lizard (D:1)
  A rat (D:1)
39 creatures vanquished.

Notes
Turn   | Place    | Note
-------+----------+-------------------------------------------
     0 | D:1      | raistware the Octopode Conjurer began the quest for the
                  | Orb.
     0 | D:1      | Reached XP level 1. HP: 11/11 MP: 3/3
   387 | D:1      | Reached XP level 2. HP: 17/17 MP: 2/5
  1234 | D:1      | Reached XP level 3. HP: 12/21 MP: 0/7
  1238 | D:1      | Learned a level 3 spell: Mephitic Cloud
  1901 | D:2      | Noticed Natasha
  1908 | D:2      | Killed Natasha
  1909 | D:2      | Reached XP level 4. HP: 27/27 MP: 1/10
  1914 | D:2      | Learned a level 4 spell: Iskenderun's Mystic Blast
  2070 | D:2      | Noticed Natasha
  2076 | D:2      | Killed Natasha
  2226 | D:2      | Noticed Natasha
  2231 | D:2      | Killed Natasha
  2232 | D:2      | Reached skill level 1 in Translocations
  2585 | D:3      | Reached XP level 5. HP: 31/31 MP: 3/11
  2837 | D:3      | Noticed Robin
  2930 | D:2      | Constricted to death by Robin

Illustrated notes

Levels and vault maps discovered:
D:1:      lemuel_arrival_hallway, layout_basic
D:2:      layout_basic, uniq_natasha
D:3:      layout_basic, ebering_ecumenical_altar_box, serial_shops,
          nicolae_shop_hallway_plus, uniq_robin

Skill      XL: |  1  2  3  4 |
---------------+-------------+-----
Spellcasting   | 3 4 |  4.2
Translocations | 1 |  1.8
Dodging        | |  2.0
Stealth        | |  2.6
Conjurations   | |  4.2

Action                   |  1- 3 |  4- 6 || total
-------------------------+-------+-------++-------
Melee: Unarmed           |     3 |       ||     3
       Tentacles         |     2 |     1 ||     3
       Dagger            |     4 |     4 ||     8
       Constrict         |     1 |     1 ||     2
 Cast: Magic Dart        |    53 |    38 ||    91
       Iskenderun's Myst |       |     2 ||     2
  Use: Potion            |       |     1 ||     1
Dodge: Dodged            |     5 |     5 ||    10
